Map: Automaton LE

Players

Leon - Winner!

  • Race: Terran Terran
  • League: Diamond
  • Spawn Location: 3:00

A.I. 1 (Elite)

  • Race: Protoss Protoss
  • Spawn Location: 9:00

VOD

Have the link to the VOD?

Description

Time

  • Played on: Dec. 21, 2018, 7:42 p.m.
  • Length: 12:00
Show
View Real Time Build Order
Export as new Build Order

Leon Terran - Winner!

Build Orders:  

Get SALT Encoding   

  12  0:01  SCV  
  13  0:13  SCV  
  14  0:18  Supply Depot  
  14  0:25  SCV  
  15  0:29  Refinery  
  15  0:40  SCV  
  16  0:47  Barracks  
  16  0:55  SCV  
  17  1:07  SCV  
  18  1:19  SCV  
  19  1:31  SCV  
  20  1:37  Barracks Reactor  
  20  1:43  Orbital Command  
  20  1:56  Command Center  
  20  2:05  Supply Depot  
  20  2:09  SCV  
  21  2:17  Factory  
  21  2:19  Marine  
  21  2:22  Marine  
  23  2:27  SCV  
  24  2:37  Marine  
  24  2:40  Marine  
  24  2:42  SCV  
  24  2:43  Refinery  
  27  2:54  SCV, Marine  
  27  2:58  Marine  
  30  3:01  Factory Tech Lab  
  30  3:06  SCV  
  30  3:09  Starport  
  30  3:12  Marine  
  31  3:15  Orbital Command  
  31  3:16  Marine  
  33  3:20  SCV  
  34  3:28  Cyclone  
  34  3:31  Marine  
  34  3:33  SCV  
  39  3:36  Marine  
  40  3:43  SCV  
  41  3:54  Supply Depot x2  
  41  3:58  Viking  
  41  4:02  Cyclone  
  46  4:15  SCV x2, Marine x2  
  50  4:25  Supply Depot  
  50  4:26  Supply Depot  
  50  4:27  SCV x2  
  52  4:33  Marine x2  
  52  4:34  Medivac, Cyclone  
  59  4:39  SCV x2  
  61  4:48  Supply Depot  
  61  4:49  Supply Depot  
  61  4:50  Marine x2  
  63  5:06  Siege Tank  
  52  5:34  SCV x2  
  54  5:42  Viking  
  56  5:46  SCV x2  
  58  5:55  Marine x2  
  60  6:07  Siege Tank  
  63  6:13  Marine x2  
  63  6:14  Command Center  
  63  6:16  Engineering Bay, Barracks x2  
  63  6:17  SCV x2, Engineering Bay  
  67  6:18  Viking  
  66  6:29  SCV x2  
  68  6:37  Refinery x2  
  68  6:41  SCV x2  
  68  6:42  Marine x2  
  68  6:43  Siege Tank  
  72  7:10  Viking  
  72  7:12  Barracks Tech Lab x2  
  72  7:14  Terran Infantry Weapons Level 1, Terran Infantry Armor Level 1  
  72  7:15  Missile Turret  
  74  7:18  Missile Turret  
  74  7:26  Orbital Command, Command Center  
  74  7:30  Marine x2  
  76  7:54  SCV x2  
  78  8:04  Stimpack, Combat Shield  
  78  8:05  Armory  
  78  8:06  SCV x2, Marine x2, Marauder x2  
  78  8:09  Widow Mine, Starport Reactor  
  88  8:13  Orbital Command  
  88  8:21  SCV x2  
  88  8:23  Marine  
  88  8:24  Marine  
  92  8:27  Marauder x2  
  92  8:30  Siege Tank  
  99  8:48  Missile Turret  
  99  8:49  Missile Turret, SCV x3  
  99  8:53  Refinery  
  99  8:54  Refinery  
  102  9:01  SCV x2  
  104  9:05  Terran Vehicle Weapons Level 1  
  104  9:09  Drilling Claws  
  104  9:10  Terran Infantry Weapons Level 2, Terran Infantry Armor Level 2  
  104  9:23  Planetary Fortress  
  104  9:24  Supply Depot  
  104  9:33  Supply Depot  
  104  9:37  Siege Tank, Supply Depot  
  104  9:38  Supply Depot  
  107  9:48  Marine x2, Marauder  
  107  9:49  Marauder  
  113  9:56  Factory  
  113  9:57  Starport  
  113  10:03  SCV  
  113  10:04  SCV x3  
  117  10:09  Siege Tank  
  117  10:10  Command Center  
  117  10:11  Missile Turret  
  120  10:16  SCV  
  120  10:19  Medivac x2  
  125  10:32  Command Center  
  125  10:33  Refinery  
  125  10:36  Refinery, Starport Reactor  
  125  10:40  Smart Servos  
  125  10:41  Factory Tech Lab  
  125  10:49  Viking x2  
  129  10:59  SCV x4  
  133  11:08  Marine x2  
  133  11:09  Marauder x2  
  139  11:14  Siege Tank x2  
  145  11:22  Viking x3  
  145  11:23  Viking  
  153  11:26  Marine x2  
  155  11:42  Supply Depot  
  155  11:44  Supply Depot  
  155  11:46  Missile Turret  
Show
View Real Time Build Order
Export as new Build Order

A.I. 1 (Elite) Protoss 

Build Orders:  

Get SALT Encoding   

  12  0:00  Probe  
  13  0:13  Probe  
  14  0:21  Pylon  
  14  0:25  Probe  
  15  0:35  Probe  
  16  0:43  Probe  
  16  0:49  Assimilator  
  17  0:52  Probe, Gateway  
  18  1:00  Probe  
  18  1:01  Pylon  
  19  1:08  Probe  
  20  1:19  Probe  
  21  1:39  Zealot, Gateway  
  21  1:40  Probe  
  21  1:43  Cybernetics Core  
  24  1:50  Pylon  
  24  1:52  Probe  
  25  1:57  Zealot  
  25  2:04  Probe  
  28  2:13  Assimilator  
  28  2:16  Probe  
  28  2:22  Warp Gate  
  29  2:24  Adept  
  29  2:27  Adept  
  29  2:28  Probe  
  34  2:38  Pylon  
  34  2:40  Probe  
  35  2:49  Adept  
  34  2:53  Probe, Sentry  
  39  3:05  Probe  
  40  3:17  Probe  
  41  3:20  Nexus  
  41  3:29  Probe  
  41  3:30  Stalker  
  45  3:41  Probe  
  45  3:48  Robotics Facility  
  45  3:53  Probe  
  46  4:02  Probe  
  46  4:09  Pylon  
  47  4:27  Probe, Adept  
  50  4:31  Adept, Probe  
  53  4:39  Probe  
  53  4:42  Adept  
  53  4:43  Probe  
  57  4:47  Robotics Bay  
  57  4:51  Probe, Observer  
  59  4:55  Probe  
  60  5:01  Robotics Facility, Probe  
  60  5:08  Probe  
  60  5:09  Probe  
  60  5:11  Pylon  
  58  5:15  Adept  
  58  5:17  Probe  
  58  5:20  Zealot, Probe  
  50  5:29  Probe  
  50  5:34  Probe  
  50  5:35  Adept  
  52  5:38  Adept  
  52  5:41  Probe  
  54  5:46  Probe  
  54  5:49  Twilight Council  
  55  5:52  Adept  
  55  5:53  Probe  
  54  6:02  Zealot  
  43  6:14  Zealot  
  39  6:25  Zealot  
  36  6:31  Templar Archives  
  34  6:34  Zealot  
  33  6:43  Probe x2  
  16  6:55  Probe x2  
  16  6:57  Zealot  
  18  7:06  Probe  
  18  7:07  Probe, High Templar  
  20  7:14  Probe  
  12  7:22  Probe  
  9  7:34  Probe  
  4  7:46  Probe  
Tags
 
League
Diamond
Matchup
PvT
Spawn Locations
Cross Positions
Add a new tag
Caveats
  • Supply blocks, unpowered buildings, or Contaminate may cause inaccurate times.
  • Supply counts are checked every 10 seconds.